 Dungeon Sprint DCSS version 0.17-a0-1748-g222fba8 (console) character file.

6600000 hexophile the Plane Walker (level 27, -5/174 HPs)
             Began as a Spriggan Warper on Sept 1, 2015.
             Was the Champion of Makhleb.
             Slain by The Servant
             ... wielding a +9 glaive of flaming
              (41 damage)
             ... in the Dungeon (Sprint VIII: "Arena of Blood").
             The game lasted 00:02:16 (66 turns).

hexophile the Plane Walker (Spriggan Warper)          Turns: 66, Time: 00:02:16

Health: -5/174     AC:  4    Str:  7    XL:     27
Magic:  18/55      EV: 46    Int: 16    God:    Makhleb [******]
Gold:   0          SH:  0    Dex: 27    Spells: 1 memorised, 79 levels left

rFire  . . .     SeeInvis +     k - +∞ Axe of Woe
rCold  . . .     Clarity  .     a - +0 robe
rNeg   . . .     SustAt   .     (shield restricted)
rPois  .         Gourm    .     (helmet restricted)
rElec  .         Spirit   .     (no cloak)
rCorr  .         Warding  .     (gloves unavailable)
rMut   .         NoTele   +     (boots unavailable)
MR     ++++.                    (no amulet)
Stlth  ++++++++++               (no ring)
                                (no ring)

@: very quick, incredibly resistant to hostile enchantments, uncannily stealthy
A: unfitting armour, see invisible, herbivore 3, speed 3, slow metabolism 2
a: Minor Destruction, Lesser Servant of Makhleb, Major Destruction, Greater
Servant of Makhleb, Renounce Religion


You were in the Dungeon.
You worshipped Makhleb.
Makhleb was exalted by your worship.
You were not hungry.

You visited 1 branch

Inventory:

Hand weapons
 k - the +∞ Axe of Woe (weapon)
   (You found it in the Dungeon)
Missiles
 d - 5 tomahawks of dispersal (quivered)
Armour
 a - a +0 robe (worn)
Scrolls
 c - 2 scrolls of blinking
Potions
 f - a potion of curing
 g - a potion of heal wounds
 h - a potion of haste
 i - 2 potions of magic
 j - a potion of berserk rage
Books
 b - a book of Spatial Translocations

   Spells                             Type                      Level
   a - Apportation                    Translocation                1
   b - Blink                          Translocation                2
   c - Shroud of Golubria             Charms/Translocation         2
   d - Portal Projectile              Translocation                3
   e - Teleport Other                 Translocation                3
   f - Passage of Golubria            Translocation                4
Comestibles
 e - a bread ration


   Skills:
 O Level 27 Fighting
 O Level 27 Axes
 O Level 27 Throwing
 O Level 27 Armour
 O Level 27 Dodging
 O Level 27 Stealth
 O Level 27 Unarmed Combat
 O Level 27 Spellcasting
 O Level 27 Translocations
 O Level 27 Invocations


You had 79 spell levels left.
You knew the following spells:

 Your Spells              Type           Power        Failure   Level  Hunger
a - Apportation           Tloc           #######...   0%          1    None


Dungeon Overview and Level Annotations

Branches:
Dungeon (1/1)

Altars:
Makhleb

Annotations:
D The Servant


Innate Abilities, Weirdness & Mutations

You are tiny and cannot use many weapons and most armour.
You have supernaturally acute eyesight.
You are a herbivore.
You cover ground extremely quickly.
You need consume almost no food.


Message History

Makhleb accepts your kill.
You slash the sculptor of flesh!
You hew the sculptor of flesh savagely.
You destroy the sculptor of flesh!
Makhleb accepts your kill.
You slash the bag of meat!
You hew the bag of meat savagely.
You kill the bag of meat!
Makhleb accepts your kill.
You slash the crawling corpse!
You butcher the crawling corpse messily.
You destroy the crawling corpse!
You slash the large abomination!
You cleave the large abomination in twain.
You destroy the large abomination!
Makhleb accepts your kill.
You hear a shout! x4
The Servant hits you from afar with a +9 glaive of flaming!!!!
Ouch! That really hurt!
* * * LOW HITPOINT WARNING * * *
The Servant burns you!!!
You die...

....#...%..%...... ..
.....#....%...%.#. ..o
....#...%........ ..oo
###...#.........%.
..oo###......#...§§.....
...#....x%.....§))§.....
...o.O.#x.))).)))).)....
......))#X)z))))§#))....
.....o)@)@X#).§§§#))....
......Wo#)))x..###)o....
...#...o..x.........###.
. ##.z.....#%......._..
#.....#.......#.....
.W###.M..%.....#_.<._ .#
...#...%...#....O .#
......#........_..
........###.


You could see an accursed, The Servant, 2 sculptors of flesh, 2 large
abominations, 2 dreads, a meat berserker (berserk), 2 small abominations and 9
bags of meat.

Vanquished Creatures
  A hell beast (D)
  8 vampire knights (D)
  20 ogres (D)
  60 orcs (D)
  3 hill giants (D)
  5 skeletal warriors (D)
  5 small abominations (D)
  A large abomination (D)
  8 crawling corpses (D)
111 creatures vanquished.

Vanquished Creatures (others)
  2 crawling corpses (D)
2 creatures vanquished.

Grand Total: 113 creatures vanquished

Notes
Turn   | Place    | Note
--------------------------------------------------------------
     0 | D        | hexophile the Spriggan Warper began the quest for the Orb.
     0 | D        | Reached XP level 1. HP: 10/10 MP: 5/5
     3 | D        | Became a worshipper of Makhleb the Destroyer
     6 | D        | Noticed a bag of meat
     6 | D        | Noticed a bag of meat
     7 | D        | Noticed a bag of meat
     7 | D        | Noticed a bag of meat
     8 | D        | Noticed a meat berserker
     9 | D        | Noticed a meat berserker
     9 | D        | Noticed a meat berserker
     9 | D        | Killed a bag of meat
     9 | D        | Reached skill level 7 in Fighting
     9 | D        | Reached skill level 9 in Armour
     9 | D        | Reached skill level 15 in Dodging
     9 | D        | Reached skill level 17 in Stealth
     9 | D        | Reached skill level 20 in Translocations
     9 | D        | Reached XP level 2. HP: 13/21 MP: 5/15
     9 | D        | Reached XP level 3. HP: 15/25 MP: 5/17
     9 | D        | Reached XP level 4. HP: 18/30 MP: 5/18
     9 | D        | Reached XP level 5. HP: 19/33 MP: 5/20
     9 | D        | Reached XP level 6. HP: 21/38 MP: 5/21
     9 | D        | Reached XP level 7. HP: 23/42 MP: 5/23
     9 | D        | Reached XP level 8. HP: 25/46 MP: 5/24
     9 | D        | Reached XP level 9. HP: 27/50 MP: 5/25
     9 | D        | Reached XP level 10. HP: 29/55 MP: 5/26
     9 | D        | Reached XP level 11. HP: 30/58 MP: 5/27
    10 | D        | Noticed a bag of meat
    10 | D        | Noticed a bag of meat
    10 | D        | Noticed a meat berserker
    11 | D        | Noticed a bag of meat
    11 | D        | Noticed a bag of meat
    11 | D        | Killed a meat berserker
    11 | D        | Acquired Makhleb's first power
    11 | D        | Reached skill level 21 in Stealth
    11 | D        | Reached skill level 25 in Translocations
    11 | D        | Reached XP level 12. HP: 31/66 MP: 5/31
    11 | D        | Reached XP level 13. HP: 32/70 MP: 5/32
    12 | D        | Noticed a bag of meat
    12 | D        | Noticed a bag of meat
    12 | D        | Killed a meat berserker
    12 | D        | Reached skill level 10 in Fighting
    12 | D        | Reached skill level 27 in Translocations
    12 | D        | Reached XP level 14. HP: 25/77 MP: 5/35
    12 | D        | Killed a bag of meat
    12 | D        | Acquired Makhleb's second power
    12 | D        | Reached skill level 10 in Unarmed Combat
    12 | D        | Reached XP level 15. HP: 64/82 MP: 5/37
    12 | D        | Noticed a bag of meat
    13 | D        | Killed a meat berserker
    13 | D        | Reached skill level 27 in Stealth
    13 | D        | Killed a meat berserker
    13 | D        | Acquired Makhleb's third power
    13 | D        | Reached XP level 16. HP: 88/91 MP: 6/41
    13 | D        | Killed a bag of meat
    13 | D        | Reached skill level 27 in Dodging
    14 | D        | Noticed a bag of meat
    14 | D        | Noticed a meat berserker
    14 | D        | Noticed a bag of meat
    14 | D        | Killed a bag of meat
    14 | D        | Acquired Makhleb's fourth power
    14 | D        | Reached XP level 17. HP: 95/97 MP: 6/44
    15 | D        | Killed a bag of meat
    15 | D        | Reached skill level 15 in Axes
    16 | D        | Noticed a meat berserker
    16 | D        | Killed a bag of meat
    16 | D        | Reached skill level 15 in Fighting
    17 | D        | Noticed a bag of meat
    17 | D        | Noticed a bag of meat
    17 | D        | Noticed a large bag of meat
    18 | D        | Noticed a bag of meat
    18 | D        | Noticed a meat berserker
    18 | D        | Killed a bag of meat
    18 | D        | Acquired Makhleb's fifth power
    18 | D        | Reached skill level 10 in Throwing
    18 | D        | Reached skill level 15 in Unarmed Combat
    19 | D        | Noticed a bag of meat
    19 | D        | Noticed a bag of meat
    19 | D        | Killed a bag of meat
    19 | D        | Reached XP level 18. HP: 104/106 MP: 7/48
    20 | D        | Killed a meat berserker
    21 | D        | Noticed a bag of meat
    21 | D        | Noticed a bag of meat
    21 | D        | Noticed a bag of meat
    21 | D        | Noticed a bag of meat
    21 | D        | Killed a bag of meat
    21 | D        | Killed a bag of meat
    21 | D        | Reached skill level 27 in Spellcasting
    21 | D        | Reached XP level 19. HP: 112/114 MP: 8/51
    21 | D        | Killed a bag of meat
    22 | D        | Noticed a large bag of meat
    22 | D        | Noticed a large bag of meat
    22 | D        | Noticed a meat berserker
    23 | D        | Noticed a bag of meat
    23 | D        | Noticed a bag of meat
    23 | D        | Killed a meat berserker
    23 | D        | Killed a bag of meat
    24 | D        | Killed a meat berserker
    24 | D        | Reached XP level 20. HP: 124/126 MP: 8/52
    25 | D        | Noticed a destroyer
    25 | D        | Killed a large bag of meat
    25 | D        | Reached skill level 27 in Armour
    25 | D        | Killed a bag of meat
    26 | D        | Noticed a bag of meat
    26 | D        | Noticed a bag of meat
    26 | D        | Noticed a bag of meat
    27 | D        | Killed a meat berserker
    27 | D        | Reached skill level 27 in Axes
    27 | D        | Killed a bag of meat
    28 | D        | Killed a bag of meat
    28 | D        | Reached skill level 15 in Throwing
    28 | D        | Reached XP level 21. HP: 138/140 MP: 9/53
    28 | D        | Killed a bag of meat
    29 | D        | Noticed a bag of meat
    30 | D        | Noticed The Servant
    30 | D        | Killed a bag of meat
    30 | D        | Reached skill level 27 in Fighting
    30 | D        | Killed a bag of meat
    30 | D        | Killed a bag of meat
    30 | D        | Reached skill level 27 in Unarmed Combat
    31 | D        | Killed a bag of meat
    32 | D        | Killed a large bag of meat
    33 | D        | Noticed a bag of meat
    34 | D        | Noticed a meat berserker
    34 | D        | Killed a bag of meat
    34 | D        | Reached skill level 27 in Throwing
    34 | D        | Reached XP level 22. HP: 148/148 MP: 11/54
    35 | D        | Noticed a meat berserker
    35 | D        | Killed a bag of meat
    35 | D        | Killed a large bag of meat
    36 | D        | Noticed a bag of meat
    36 | D        | Noticed a destroyer
    36 | D        | Noticed a bag of meat
    36 | D        | Noticed a bag of meat
    36 | D        | Noticed a bag of meat
    36 | D        | Noticed a bag of meat
    37 | D        | Noticed a bag of meat
    37 | D        | Noticed a bag of meat
    38 | D        | Noticed a bag of meat
    38 | D        | Noticed a bag of meat
    38 | D        | Noticed a bag of meat
    38 | D        | Noticed a meat berserker
    38 | D        | Killed a bag of meat
    39 | D        | Noticed a meat berserker
    39 | D        | Noticed a bag of meat
    39 | D        | Killed a meat berserker
    39 | D        | Killed a meat berserker
    39 | D        | Reached skill level 27 in Invocations
    40 | D        | Noticed a meat berserker
    40 | D        | Noticed a bag of meat
    40 | D        | Noticed a bag of meat
    40 | D        | Noticed a destroyer
    40 | D        | Noticed a destroyer
    41 | D        | Noticed a bag of meat
    41 | D        | Noticed a sculptor of flesh
    41 | D        | Noticed a bag of meat
    41 | D        | Noticed a destroyer
    41 | D        | Killed a bag of meat
    41 | D        | Reached XP level 23. HP: 153/153 MP: 12/55
    42 | D        | Noticed a bag of meat
    42 | D        | Killed a meat berserker
    42 | D        | Killed a destroyer
    43 | D        | Noticed a bag of meat
    43 | D        | Noticed a bag of meat
    43 | D        | Noticed a meat berserker
    43 | D        | Killed a bag of meat
    43 | D        | Killed a meat berserker
    43 | D        | Reached XP level 24. HP: 158/158 MP: 13/55
    43 | D        | Killed a destroyer
    43 | D        | Killed a destroyer
    44 | D        | Noticed a sculptor of flesh
    44 | D        | Noticed a sculptor of flesh
    44 | D        | Noticed a bag of meat
    44 | D        | Noticed a bag of meat
    44 | D        | Noticed a bag of meat
    44 | D        | Noticed a bag of meat
    45 | D        | Killed a destroyer
    45 | D        | Killed a bag of meat
    45 | D        | Reached XP level 25. HP: 163/163 MP: 13/55
    45 | D        | Killed a bag of meat
    45 | D        | Killed a bag of meat
    45 | D        | Killed a meat berserker
    46 | D        | Noticed a destroyer
    46 | D        | Noticed a bag of meat
    46 | D        | Noticed a bag of meat
    46 | D        | Killed a bag of meat
    46 | D        | Killed a bag of meat
    46 | D        | Killed a bag of meat
    46 | D        | Killed a bag of meat
    46 | D        | Killed a bag of meat
    46 | D        | Reached XP level 26. HP: 169/169 MP: 13/55
    46 | D        | Killed a bag of meat
    47 | D        | Noticed a sculptor of flesh
    47 | D        | Noticed a bag of meat
    47 | D        | Noticed a bag of meat
    48 | D        | Noticed a bag of meat
    48 | D        | Killed a bag of meat
    49 | D        | Noticed a meat berserker
    49 | D        | Noticed a sculptor of flesh
    50 | D        | Noticed a sculptor of flesh
    50 | D        | Killed a bag of meat
    50 | D        | Killed a bag of meat
    50 | D        | Killed a sculptor of flesh
    50 | D        | Killed a meat berserker
    51 | D        | Noticed a destroyer
    51 | D        | Noticed a meat berserker
    51 | D        | Noticed a bag of meat
    51 | D        | Noticed a bag of meat
    51 | D        | Noticed a bag of meat
    51 | D        | Noticed a meat berserker
    51 | D        | Noticed a bag of meat
    52 | D        | Noticed a bag of meat
    52 | D        | Killed a bag of meat
    52 | D        | Killed a bag of meat
    52 | D        | Reached XP level 27. HP: 174/174 MP: 15/55
    52 | D        | Killed a bag of meat
    52 | D        | HP: 13/174 [The Servant/+9 glaive of flaming (32)]
    53 | D        | Noticed a bag of meat
    53 | D        | Killed a bag of meat
    54 | D        | Noticed a bag of meat
    54 | D        | Noticed a bag of meat
    54 | D        | Noticed a bag of meat
    54 | D        | Noticed a bag of meat
    54 | D        | Killed a bag of meat
    54 | D        | Killed a bag of meat
    55 | D        | Noticed a meat berserker
    55 | D        | Noticed a bag of meat
    55 | D        | Noticed a destroyer
    55 | D        | Killed a bag of meat
    55 | D        | Killed a bag of meat
    55 | D        | Killed a bag of meat
    56 | D        | Noticed a bag of meat
    56 | D        | Killed a bag of meat
    57 | D        | Noticed a meat berserker
    57 | D        | Noticed a meat berserker
    57 | D        | Killed a bag of meat
    57 | D        | Killed a bag of meat
    57 | D        | Killed a destroyer
    58 | D        | Noticed a meat berserker
    58 | D        | Killed a sculptor of flesh
    58 | D        | Killed a bag of meat
    59 | D        | Killed a meat berserker
    59 | D        | Killed a meat berserker
    59 | D        | Killed a bag of meat
    60 | D        | Killed a bag of meat
    60 | D        | Killed a destroyer
    61 | D        | Noticed an accursed
    61 | D        | Noticed a bag of meat
    61 | D        | Noticed a dread
    61 | D        | Killed a sculptor of flesh
    61 | D        | Killed a meat berserker
    61 | D        | Killed a destroyer
    61 | D        | Killed a bag of meat
    61 | D        | Noticed a meat beast
    62 | D        | Noticed a sculptor of flesh
    62 | D        | Killed a bag of meat
    62 | D        | Killed a bag of meat
    62 | D        | Killed a meat berserker
    63 | D        | Killed a bag of meat
    63 | D        | Killed a sculptor of flesh
    63 | D        | Killed a bag of meat
    64 | D        | Noticed a bag of meat
    64 | D        | Killed a bag of meat
    64 | D        | Killed a bag of meat
    65 | D        | Noticed a dread
    65 | D        | Killed a meat beast
    65 | D        | Killed a destroyer
    65 | D        | Killed a meat berserker
    66 | D        | Noticed a bag of meat
    66 | D        | Killed a meat berserker
    66 | D        | Killed a sculptor of flesh
    66 | D        | Killed a bag of meat
    66 | D        | Slain by The Servant

Vault maps used:
D:        meatsprint

Action                   |  1- 3 |  4- 6 |  7- 9 | 10-12 | 13-15 | 16-18 | 19-21 | 22-24 | 25-27 || total
-------------------------+-------+-------+-------+-------+-------+-------+-------+-------+-------++-------
Melee: Broad axe         |     1 |       |       |     1 |     2 |     7 |     9 |     7 |    18 ||    45
